 Dungeon Crawl Stone Soup version 0.20.0-8-g6b59dc7 (webtiles) character file.

274 Heskey the Skirmisher (level 6, -2/50 HPs)
             Began as a Demonspawn Fighter on June 2, 2017.
             Slain by a gnoll
             ... wielding a +0 halberd
              (12 damage)
             ... on level 3 of the Dungeon.
             The game lasted 00:05:24 (2694 turns).

Heskey the Skirmisher (Demonspawn Fighter)          Turns: 2694, Time: 00:05:25

Health: -2/50      AC:  9    Str: 19    XL:     6   Next: 3%
Magic:  6/6        EV:  7    Int:  9    God:
Gold:   136        SH:  9    Dex: 12    Spells: 5/5 levels left

rFire    . . .     SeeInvis .   a - +0 war axe
rCold    + . .     Gourm    .   c - +0 shield
rNeg     . . .     Faith    .   b - +0 scale mail
rPois    .         Spirit   .   (no helmet)
rElec    .         Reflect  .   (no cloak)
rCorr    .         Harm     .   (no gloves)
MR       .....                  (no boots)
Stlth    ..........             (no amulet)
Regen    0.2/turn               (no ring)
MPRegen  0.1/turn               (no ring)

@: no status effects
A: claws 2, iridescent scales 1, cold resistance 1, freezing cloud immunity
a: no special abilities


You were on level 3 of the Dungeon.
You were not hungry.

You visited 1 branch of the dungeon, and saw 3 of its levels.

You collected 136 gold pieces.

Inventory:

Hand Weapons
 a - a +0 war axe (weapon)
Armour
 b - a +0 scale mail (worn)
 c - a +0 shield (worn)
Jewellery
 w - an uncursed ring of ice {unknown}
 x - a +2 ring of evasion {unknown}
Scrolls
 e - a scroll of random uselessness {unknown}
 g - 7 scrolls of identify {unknown}
 h - a scroll of enchant weapon {unknown}
 i - a scroll of fog {unknown}
 n - 2 scrolls of teleportation {unknown}
 r - a scroll of remove curse {unknown}
 s - a scroll of enchant armour {unknown}
 t - 2 scrolls of fear {unknown}
 y - a scroll of noise {unknown}
Potions
 d - a potion of berserk rage {unknown}
 j - a potion of brilliance {unknown}
 l - a potion of flight {unknown}
 m - 2 potions of agility {unknown}
 o - a potion of curing {unknown}
 p - a potion of ambrosia {unknown}
 q - a potion of cancellation {unknown}
 u - a potion of invisibility {unknown}
Comestibles
 f - 2 bread rations
 k - 5 fruits
 v - a royal jelly


   Skills:
 * Level 4.9 Fighting
 + Level 2.8 Axes
 + Level 3.8 Armour
 + Level 3.5 Shields


You had 5 spell levels left.
You didn't know any spells.

Dungeon Overview and Level Annotations

Branches:
Dungeon (3/15)

Altars:
Sif Muna
Xom


Innate Abilities, Weirdness & Mutations

You have very sharp fingernails.
You are partially covered in iridescent scales. (AC +2)
Your flesh is cold resistant. (rC+)
You are immune to freezing clouds.


Message History

The gnoll barely misses you.
You slash the gnoll!
You kill the gnoll!
You hit the gnoll.
The gnoll is moderately wounded.
The gnoll hits you with a whip. The gnoll hits you but does no damage.
You hit the gnoll.
The gnoll is moderately wounded.
You block the gnoll's attack. The gnoll hits you but does no damage.
The gnoll hits you with a whip.
* * * LOW HITPOINT WARNING * * *
You slash the gnoll!
You kill the gnoll!
You have reached level 6!
Your experience leads to an increase in your attributes!
Increase (S)trength, (I)ntelligence, or (D)exterity?
You feel stronger.
Your demonic ancestry asserts itself...
Your fingernails sharpen.
The gnoll hits you from afar with a halberd!
You die...

###.##### ###.### ##.... #.#
#.....# #..... #.# #.....#
#..... ##'## #.≈♣≈.# #...<.
##...## #P≈≈P.# ##....
##.....## ##.≈≈..# #....
##.......## ##.#..### #...)
#.>.......####....#########..
+........gg)@..............(.
#.........####....#########(.
##.......## ##.#.# #.#
##.....##### ###.# #(#
##.........# #.# ##(.
#..######.# ..# #.(. ### #..#
.## #.#. #...##..#### . #>#.
#..........# #. #.#.


You could see a gnoll and a hobgoblin.

Vanquished Creatures
  Sigmund (D:3)
  An adder (D:1)
  4 gnolls
  A worm (D:2)
  4 dart slugs
  2 leopard geckos
  4 giant cockroaches
  12 goblins
  10 hobgoblins
  3 jackals (D:2)
  6 kobolds
  2 quokkas
  9 bats
  3 frilled lizards
  2 rats
64 creatures vanquished.

Notes
Turn   | Place    | Note
-------+----------+-------------------------------------------
     0 | D:1      | Heskey the Demonspawn Fighter began the quest for the Orb.
     0 | D:1      | Reached XP level 1. HP: 18/18 MP: 1/1
    52 | D:1      | Gained mutation: Your flesh is cold resistant. (rC+) [demonic ancestry]
    52 | D:1      | Reached XP level 2. HP: 7/24 MP: 2/2
   480 | D:1      | Gained mutation: You are partially covered in iridescent scales. (AC +2) [demonic ancestry]
   480 | D:1      | Reached XP level 3. HP: 13/29 MP: 3/3
  1504 | D:2      | Gained mutation: You are immune to freezing clouds. [demonic ancestry]
  1504 | D:2      | Reached XP level 4. HP: 37/37 MP: 4/4
  1815 | D:2      | Found a shimmering altar of Xom.
  1816 | D:2      | Found a deep blue altar of Sif Muna.
  2255 | D:3      | Noticed Sigmund
  2285 | D:3      | Killed Sigmund
  2285 | D:3      | Reached skill level 4 in Fighting
  2285 | D:3      | Gained mutation: You have sharp fingernails. [demonic ancestry]
  2285 | D:3      | Reached XP level 5. HP: 6/43 MP: 5/5
  2694 | D:3      | Gained mutation: You have very sharp fingernails. [demonic ancestry]
  2694 | D:3      | Reached XP level 6. HP: 10/50 MP: 6/6
  2694 | D:3      | Slain by a gnoll

Skill      XL: |  1  2  3  4 |
---------------+-------------+-----
Axes           | 2 |  2.8
Armour         | 3 |  3.8
Shields        | 3 |  3.5
Fighting       | 4 |  4.9

Action                   |  1- 3 |  4- 6 || total
-------------------------+-------+-------++-------
Melee: War axe           |   125 |    89 ||   214
  Use: Potion            |       |     1 ||     1
  Eat: Chunk             |     2 |     4 ||     6
Armor: Scale mail        |    75 |    44 ||   119
Dodge: Dodged            |    42 |    28 ||    70
Block: Shield            |    76 |    46 ||   122
